 Dungeon Crawl Stone Soup version 0.23-b1-58-ge3fafae (webtiles) character file.

Game seed: 2642461317536657177

109 redwoodhats the Skirmisher (level 4, -1/37 HPs)
             Began as a Demonspawn Berserker on Feb 3, 2019.
             Was a Follower of Trog (penitent).
             Slain by a gnoll
             ... wielding a +0 flail
              (12 damage)
             ... on level 3 of the Dungeon on Feb 4, 2019.
             The game lasted 00:13:15 (3314 turns).

redwoodhats the Skirmisher (Demonspawn Berserker)   Turns: 3314, Time: 00:13:16

Health: -1/37      AC:  2    Str: 18    XL:     4   Next: 59%
Magic:  4/4        EV: 13    Int:  8    God:    Trog [*]
Gold:   171        SH:  0    Dex: 13    Spells: 2/3 levels left

rFire    . . .     SeeInvis +   g - +1 quarterstaff
rCold    + . .     Gourm    .   (shield currently unavailable)
rNeg     . . .     Faith    .   b - +0 animal skin
rPois    .         Spirit   .   (helmet restricted)
rElec    .         Reflect  .   (no cloak)
rCorr    .         Harm     .   (no gloves)
MR       .....                  (no boots)
Stlth    +.........             i - amulet of magic regeneration
HPRegen  0.12/turn              e - ring of see invisible
MPRegen  0.34/turn              (no ring)

@: no status effects
A: horns 1, cold resistance 1
a: Renounce Religion


You were on level 3 of the Dungeon.
You worshipped Trog.
Trog was demanding penance.
You were not hungry.

You visited 1 branch of the dungeon, and saw 3 of its levels.

You collected 171 gold pieces.

Inventory:

Hand Weapons
 a - a +0 spear
 g - a +1 quarterstaff (weapon)
 h - a +0 hunting sling
Armour
 b - a +0 animal skin (worn)
 f - a +0 plate armour
Jewellery
 e - a ring of see invisible (left hand)
 i - an amulet of magic regeneration (around neck)
 k - an uncursed ring of stealth {unknown}
 m - an uncursed ring of protection from cold {unknown}
 n - an uncursed ring of flight {unknown}
Scrolls
 d - 2 scrolls of identify
Comestibles
 c - 3 rations


   Skills:
 + Level 3.8 Fighting
 + Level 3.5(3.6) Polearms
 + Level 0.6(2.2) Staves
 + Level 2.1 Armour
 + Level 2.4 Dodging
 + Level 0.6 Stealth


You had 2 spell levels left.
You knew the following spells:

 Your Spells              Type           Power        Failure   Level  Hunger
a - Animate Skeleton      Necr           N/A          41%         1    ##.....

Your spell library contained the following spells:

 Spells                   Type           Power        Failure   Level  Hunger
 Apportation              Tloc           #.....       41%         1    ##.....
 Confusing Touch          Hex            #.....       41%         1    ##.....
 Summon Small Mammal      Summ           #...         41%         1    ##.....


Dungeon Overview and Level Annotations

Branches:
Dungeon (3/15)

Altars:
Dithmenos
The Shining One


Innate Abilities, Weirdness & Mutations

You have a pair of small horns on your head.
Your flesh is cold resistant. (rC+)


Message History

You hit the gnoll.
You headbutt the gnoll, but do no damage.
The gnoll is lightly wounded.
You barely miss the gnoll. You headbutt the gnoll.
The gnoll is moderately wounded.
You sock the gnoll!
You kill the gnoll!
Trog accepts your kill.
You sock the gnoll! You headbutt the gnoll.
You kill the gnoll!
Trog accepts your kill.
Okay, then.
The gnoll hits you with a +0 flail!
* * * LOW HITPOINT WARNING * * *
Things that are here:
a +0 whip; a +0 flail You barely miss the gnoll.
You headbutt the gnoll, but do no damage.
The gnoll hits you with a +0 flail!
You die...

......# #.#.#..............#
......# #.#.#..............#
......# #.#.###..###.......#
......# ..#.............####
.####.# .## ###............# .##
#.# . #^####............ ..# #.#
#...........#.##.# #.###.#
#.##.###<......#..#.# #..##.#
#....g@........#.##.# ##.##.#
####.#######...#.##.# #.##.# #
#...#.##.#
##.##.########.#######...#.##.###
......#......#...........#.##....
##.##.#......#########.#.#.##.###
.......................#.#.##.#
...##...........########.#....###
.#..#...........# #.........


You could see a gnoll.

Vanquished Creatures
  A bullfrog skeleton (D:2)
  2 gnolls (D:3)
  An adder (D:2)
  An ooze (D:1)
  2 dart slugs
  A leopard gecko (D:1)
  2 orcs (D:3)
  3 ball pythons (D:1)
  7 bats
  2 giant cockroaches (D:1)
  3 goblins
  6 hobgoblins
  3 frilled lizards
  6 kobolds
  8 rats
48 creatures vanquished.

Notes
Turn   | Place    | Note
-------+----------+-------------------------------------------
     0 | D:1      | redwoodhats the Demonspawn Berserker began the quest for
                  | the Orb.
     0 | D:1      | Reached XP level 1. HP: 18/18 MP: 1/1
     0 | D:1      | Upgraded the game from 0.23-b1-49-g13d5857 to
                  | 0.23-b1-58-ge3fafae
   177 | D:1      | HP: 1/27 [ooze (2)]
   178 | D:1      | Gained mutation: You have a pair of small horns on your
                  | head. [demonic ancestry]
   178 | D:1      | Reached XP level 2. HP: 2/24 MP: 2/2
  1292 | D:1      | Gained mutation: Your flesh is cold resistant. (rC+)
                  | [demonic ancestry]
  1292 | D:1      | Reached XP level 3. HP: 26/29 MP: 3/3
  1649 | D:2      | Reached ** piety under Trog
  1821 | D:2      | Reached XP level 4. HP: 9/37 MP: 4/4
  2106 | D:2      | Was placed under penance by Trog
  2108 | D:2      | Learned a level 1 spell: Animate Skeleton
  2919 | D:3      | Found a glowing golden altar of the Shining One.
  2930 | D:3      | Found a shadowy altar of Dithmenos.
  3314 | D:3      | Slain by a gnoll

Skill      XL: |  1  2 |
---------------+-------+-----
Polearms       | 3 |  3.5
Armour         | 2 |  2.1
Dodging        | 2 |  2.4
Fighting       | |  3.8
Staves         | |  0.6
Stealth        | |  0.6

Action                   |  1- 3 |  4- 6 || total
-------------------------+-------+-------++-------
Melee: Spear             |    96 |       ||    96
       Headbutt          |    14 |     8 ||    22
       Quarterstaff      |    11 |    41 ||    52
Invok: Berserk           |     2 |       ||     2
  Use: Scroll            |     2 |     2 ||     4
       Potion            |     1 |     3 ||     4
  Eat: Ration            |     2 |     1 ||     3
Armor: Animal skin       |    30 |    13 ||    43
Dodge: Dodged            |    78 |    23 ||   101
